| TOP OF THE 1ST |
|
New Orleans Zephyrs batting - Pitching for Gwinnett Braves : RHP Ryan DeMille
|
|
Pitching: RHP Ryan DeMille
|
|
|
Batting: RHB Boof Howell
|
0-0: Called Strike 0-1: Called Strike 0-2: Foul Ball, location: 2F 0-2: Ball 1-2: Foul Ball, location: 2F 1-2: Foul Ball, location: 2F 1-2: Ground out 4-3 (Groundball, 4, EV 99.4 MPH)
|
|
Batting: LHB David Doge
|
0-0: Called Strike 0-1: Ball 1-1: Fly out, F8 (Line Drive, 8RM, EV 93.1 MPH)
|
|
Batting: RHB Manuel Taveras
|
0-0: Ground out 5-3 (Groundball, 56S, EV 78.8 MPH)
|
| Top of the 1st over - 0 runs, 0 hits, 0 errors, 0 left on base; New Orleans 0 - Gwinnett 0 |
| BOTTOM OF THE 1ST |
|
Gwinnett Braves batting - Pitching for New Orleans Zephyrs : LHP Tyler Murders
|
|
Pitching: LHP Tyler Murders
|
|
|
Batting: RHB Nate Taylor
|
0-0: Called Strike 0-1: Ground out 6-3 (Groundball, 6, EV 81.9 MPH)
|
|
Batting: RHB Alex Munoz
|
0-0: Ball 1-0: Ball 2-0: Swinging Strike 2-1: Ball 3-1: Ground out 5-3 (Groundball, 56S, EV 70.0 MPH)
|
|
Batting: SHB Bob Morales
|
0-0: Fly out, F8 (Flyball, 8LXD, EV 100.6 MPH)
|
| Bottom of the 1st over - 0 runs, 0 hits, 0 errors, 0 left on base; New Orleans 0 - Gwinnett 0 |
| TOP OF THE 2ND |
|
New Orleans Zephyrs batting - Pitching for Gwinnett Braves : RHP Ryan DeMille
|
|
Batting: RHB Isaiah Brockman
|
0-0: Ball 1-0: Foul Ball, location: 2F 1-1: Ball 2-1: Ball 3-1: Foul Ball, location: 2F 3-2: Base on Balls
|
|
Batting: RHB Orlando Landa
|
0-0: Ball 1-0: Ground out 6-3 (Groundball, 4MD, EV 105.0 MPH) Isaiah Brockman to second
|
|
Batting: SHB Matt Moore
|
0-0: Swinging Strike 0-1: SINGLE (Groundball, 6MD, EV 96.9 MPH) Isaiah Brockman to third Runner from 3rd tries for Home, SAFE, throw by CF to home Matt Moore to second
|
|
Batting: RHB Harrie de Kam
|
0-0: Ground out 4-3 (Groundball, 4, EV 88.1 MPH) Matt Moore to third
|
|
Batting: RHB Masumitsu Sugiura
|
0-0: Ball 1-0: Swinging Strike 1-1: Ground out 4-3 (Groundball, 4, EV 85.6 MPH)
|
| Top of the 2nd over - 1 run, 1 hit, 0 errors, 1 left on base; New Orleans 1 - Gwinnett 0 |
| BOTTOM OF THE 2ND |
|
Gwinnett Braves batting - Pitching for New Orleans Zephyrs : LHP Tyler Murders
|
|
Batting: RHB Muneer Maudad
|
0-0: Ball 1-0: SINGLE (Groundball, P, EV 89.4 MPH) (infield hit)
|
|
Batting: SHB Brian Bagley
|
0-0: Ball 1-0: 2-RUN HOME RUN (Flyball, 9D, EV 108.8 MPH), Distance : 403 ft
|
|
Batting: RHB Jeremy Giesler
|
0-0: Bunt missed! 0-1: Ball 1-1: Called Strike 1-2: Fly out, F7 (Flyball, 7LS, EV 88.8 MPH)
|
|
Batting: SHB Troy Kenyon
|
0-0: Ball 1-0: Ground out 1-3 (Groundball, P, EV 68.8 MPH)
|
|
Batting: LHB Chad Persaud
|
0-0: Called Strike 0-1: Ball 1-1: Fly out, F8 (Flyball, 8LM, EV 76.2 MPH)
|
| Bottom of the 2nd over - 2 runs, 2 hits, 0 errors, 0 left on base; New Orleans 1 - Gwinnett 2 |
| TOP OF THE 3RD |
|
New Orleans Zephyrs batting - Pitching for Gwinnett Braves : RHP Ryan DeMille
|
|
Batting: RHB John Jackson
|
0-0: Called Strike 0-1: Ball 1-1: Called Strike 1-2: Foul Ball, location: 2F 1-2: Ball 2-2: Foul Ball, location: 2F 2-2: Ball 3-2: Fly out, F4 (Popup, 3D, EV 52.5 MPH)
|
|
Batting: RHB Boof Howell
|
0-0: Foul Ball, location: 2F 0-1: Ball 1-1: Called Strike 1-2: DOUBLE (Line Drive, 9LM, EV 91.9 MPH)
|
|
Batting: LHB David Doge
|
0-0: Foul Ball, location: 2F 0-1: Swinging Strike 0-2: Strikes out looking
|
|
Batting: RHB Manuel Taveras
|
0-0: Called Strike 0-1: Foul Ball, location: 2F 0-2: Foul Ball, location: 2F 0-2: Strikes out swinging
|
| Top of the 3rd over - 0 runs, 1 hit, 0 errors, 1 left on base; New Orleans 1 - Gwinnett 2 |
| BOTTOM OF THE 3RD |
|
Gwinnett Braves batting - Pitching for New Orleans Zephyrs : LHP Tyler Murders
|
|
Batting: RHB Mike Manchester
|
0-0: Swinging Strike 0-1: Ball 1-1: SINGLE (Groundball, 56D, EV 96.9 MPH)
|
|
Batting: RHB Nate Taylor
|
0-0: Ball 1-0: 2-RUN HOME RUN (Line Drive, 7D, EV 105.0 MPH), Distance : 387 ft
|
|
Batting: RHB Alex Munoz
|
0-0: Called Strike 0-1: Swinging Strike 0-2: Ball 1-2: Ball 2-2: Foul Ball, location: 2F 2-2: Foul Ball, location: 2F 2-2: Strikes out swinging
|
|
Batting: SHB Bob Morales
|
0-0: Ball 1-0: SINGLE (Groundball, 56D, EV 93.8 MPH)
|
|
Batting: RHB Muneer Maudad
|
0-0: Ball 1-0: Foul Ball, location: 2F 1-1: Foul Ball, location: 2F 1-2: Ball 2-2: Strikes out swinging
|
|
Batting: SHB Brian Bagley
|
0-0: Called Strike 0-1: Fielders Choice at 2nd, 5-4 (Groundball, 5, EV 109.4 MPH)
|
| Bottom of the 3rd over - 2 runs, 3 hits, 0 errors, 1 left on base; New Orleans 1 - Gwinnett 4 |
| TOP OF THE 4TH |
|
New Orleans Zephyrs batting - Pitching for Gwinnett Braves : RHP Ryan DeMille
|
|
Batting: RHB Isaiah Brockman
|
0-0: Called Strike 0-1: Swinging Strike 0-2: Ball 1-2: Foul Ball, location: 2F 1-2: Strikes out swinging
|
|
Batting: RHB Orlando Landa
|
0-0: Ball 1-0: Called Strike 1-1: Ground out 4-3 (Groundball, 4, EV 95.0 MPH)
|
|
Batting: SHB Matt Moore
|
0-0: Ball 1-0: Fly out, F7 (Line Drive, 78M, EV 93.8 MPH)
|
| Top of the 4th over - 0 runs, 0 hits, 0 errors, 0 left on base; New Orleans 1 - Gwinnett 4 |
| BOTTOM OF THE 4TH |
|
Gwinnett Braves batting - Pitching for New Orleans Zephyrs : LHP Tyler Murders
|
|
Batting: RHB Jeremy Giesler
|
0-0: Called Strike 0-1: Foul Ball, location: 2F 0-2: Ball 1-2: Ground out 5-3 (Groundball, 5, EV 106.2 MPH)
|
|
Batting: SHB Troy Kenyon
|
0-0: Called Strike 0-1: Ball 1-1: Ball 2-1: SINGLE (Groundball, 6MD, EV 96.2 MPH)
|
|
Batting: LHB Chad Persaud
|
0-0: DOUBLE (Line Drive, 5D, EV 96.2 MPH) Troy Kenyon to third Runner from 3rd tries for Home, SAFE, throw by LF to trailing runner, SAFE at third!
|
|
Batting: RHB Mike Manchester
|
0-0: Swinging Strike 0-1: Foul Ball, location: 2F 0-2: Ball 1-2: Strikes out swinging
|
|
Batting: RHB Nate Taylor
|
0-0: SINGLE (Groundball, 6MD, EV 98.8 MPH) Chad Persaud scores
|
|
Pitching: LHP Melvin Castro
|
|
|
Batting: RHB Alex Munoz
|
0-0: Ball 1-0: Ball 2-0: Ball 3-0: Base on Balls Nate Taylor to second
|
|
Batting: SHB Bob Morales
|
0-0: SINGLE (Line Drive, 9S, EV 105.6 MPH) Nate Taylor to third Alex Munoz to second
|
|
Batting: RHB Muneer Maudad
|
0-0: Ball 1-0: Called Strike 1-1: Called Strike 1-2: Strikes out looking
|
| Bottom of the 4th over - 2 runs, 4 hits, 0 errors, 3 left on base; New Orleans 1 - Gwinnett 6 |
| TOP OF THE 5TH |
|
New Orleans Zephyrs batting - Pitching for Gwinnett Braves : RHP Ryan DeMille
|
|
Batting: RHB Harrie de Kam
|
0-0: Ball 1-0: SINGLE (Groundball, 34S, EV 71.9 MPH) (infield hit)
|
|
Batting: RHB Masumitsu Sugiura
|
0-0: Grounds into double play, 6-4-3 (Groundball, 6, EV 104.4 MPH)
|
|
Batting: RHB John Jackson
|
0-0: Called Strike 0-1: Ball 1-1: Swinging Strike 1-2: Ball 2-2: Foul Ball, location: 2F 2-2: Foul Ball, location: 2F 2-2: Ball 3-2: Ground out 5-3 (Groundball, 56, EV 83.8 MPH)
|
| Top of the 5th over - 0 runs, 1 hit, 0 errors, 0 left on base; New Orleans 1 - Gwinnett 6 |
| BOTTOM OF THE 5TH |
|
Gwinnett Braves batting - Pitching for New Orleans Zephyrs : LHP Melvin Castro
|
|
Batting: SHB Brian Bagley
|
0-0: Ball 1-0: Ball 2-0: Ground out 6-3 (Groundball, 6S, EV 69.4 MPH)
|
|
Batting: RHB Jeremy Giesler
|
0-0: Ball 1-0: Ball 2-0: Fly out, F7 (Line Drive, 7S, EV 102.5 MPH)
|
|
Batting: SHB Troy Kenyon
|
0-0: Ground out 6-3 (Groundball, 6, EV 82.5 MPH)
|
| Bottom of the 5th over - 0 runs, 0 hits, 0 errors, 0 left on base; New Orleans 1 - Gwinnett 6 |
| TOP OF THE 6TH |
|
New Orleans Zephyrs batting - Pitching for Gwinnett Braves : RHP Ryan DeMille
|
|
Batting: RHB Boof Howell
|
0-0: Foul Ball, location: 2F 0-1: Foul Ball, location: 2F 0-2: Ball 1-2: Ball 2-2: Ball 3-2: Foul Ball, location: 2F 3-2: Foul Ball, location: 2F 3-2: DOUBLE (Line Drive, 7LM, EV 106.9 MPH)
|
|
Batting: LHB David Doge
|
0-0: Ball 1-0: Foul Ball, location: 2F 1-1: Swinging Strike 1-2: Ball 2-2: Foul Ball, location: 2F 2-2: Strikes out looking
|
|
Batting: RHB Manuel Taveras
|
0-0: Ball 1-0: Fly out, F9 (Line Drive, 89M, EV 101.2 MPH)
|
|
Batting: RHB Isaiah Brockman
|
0-0: Ball 1-0: Ball 2-0: Ball 3-0: Called Strike 3-1: Fly out, F8 (Flyball, 8LXD, EV 88.8 MPH)
|
| Top of the 6th over - 0 runs, 1 hit, 0 errors, 1 left on base; New Orleans 1 - Gwinnett 6 |
| BOTTOM OF THE 6TH |
|
Gwinnett Braves batting - Pitching for New Orleans Zephyrs : LHP Melvin Castro
|
|
Batting: LHB Chad Persaud
|
0-0: Ball 1-0: Fly out, F1 (Line Drive, P, EV 67.5 MPH)
|
|
Batting: RHB Mike Manchester
|
0-0: Ball 1-0: Ground out 4-3 (Groundball, 4, EV 90.6 MPH)
|
|
Batting: RHB Nate Taylor
|
0-0: SINGLE (Flyball, 7S, EV 93.8 MPH)
|
|
Batting: RHB Alex Munoz
|
0-0: Called Strike Nate Taylor steals 2nd base (no throw) 0-1: Swinging Strike 0-2: Foul Ball, location: 2F 0-2: Foul Ball, location: 2F 0-2: SINGLE (Line Drive, 8RS, EV 103.8 MPH) Nate Taylor to third Runner from 3rd tries for Home, throw by CF and OUT! 8-2
|
| Bottom of the 6th over - 0 runs, 2 hits, 0 errors, 1 left on base; New Orleans 1 - Gwinnett 6 |
| TOP OF THE 7TH |
|
New Orleans Zephyrs batting - Pitching for Gwinnett Braves : RHP Ryan DeMille
|
|
Batting: RHB Orlando Landa
|
0-0: Ball 1-0: SINGLE (Groundball, 4S, EV 66.9 MPH) (infield hit)
|
|
Batting: SHB Matt Moore
|
0-0: Called Strike 0-1: Ball 1-1: Ball 2-1: Swinging Strike 2-2: Foul Ball, location: 2F 2-2: Strikes out swinging
|
|
Batting: RHB Harrie de Kam
|
0-0: Ball 1-0: Grounds into double play, 4-6-3 (Groundball, 4M, EV 91.9 MPH)
|
| Top of the 7th over - 0 runs, 1 hit, 0 errors, 0 left on base; New Orleans 1 - Gwinnett 6 |
| BOTTOM OF THE 7TH |
|
Gwinnett Braves batting - Pitching for New Orleans Zephyrs : LHP Melvin Castro
|
|
Batting: SHB Bob Morales
|
0-0: Ball 1-0: Foul Ball, location: 2F 1-1: Called Strike 1-2: Foul Ball, location: 2F 1-2: Fly out, F9 (Flyball, 89M, EV 95.0 MPH)
|
|
Batting: RHB Muneer Maudad
|
0-0: Ball 1-0: Fly out, F9 (Flyball, 9, EV 96.9 MPH)
|
|
Batting: SHB Brian Bagley
|
0-0: Foul Ball, location: 2F 0-1: SOLO HOME RUN (Flyball, 78XD, EV 103.1 MPH), Distance : 392 ft
|
|
Batting: RHB Jeremy Giesler
|
0-0: Called Strike 0-1: Called Strike 0-2: Strikes out swinging
|
| Bottom of the 7th over - 1 run, 1 hit, 0 errors, 0 left on base; New Orleans 1 - Gwinnett 7 |
| TOP OF THE 8TH |
|
New Orleans Zephyrs batting - Pitching for Gwinnett Braves : RHP Ryan DeMille
|
|
Batting: RHB Masumitsu Sugiura
|
0-0: Swinging Strike 0-1: Ball 1-1: Called Strike 1-2: Foul Ball, location: 2F 1-2: Foul Ball, location: 2F 1-2: Foul Ball, location: 2F 1-2: SINGLE (Groundball, 6M, EV 99.4 MPH) (infield hit)
|
|
Pitching: RHP Steve Dripps
|
|
|
Batting: RHB John Jackson
|
0-0: Called Strike 0-1: Swinging Strike 0-2: Strikes out swinging
|
|
Batting: RHB Boof Howell
|
0-0: Foul Ball, location: 2F 0-1: Swinging Strike 0-2: Ball 1-2: Foul Ball, location: 2F 1-2: Ball 2-2: Ball 3-2: Base on Balls Masumitsu Sugiura to second
|
|
Batting: LHB David Doge
|
0-0: Called Strike 0-1: Called Strike 0-2: Ball 1-2: Fielders Choice at 2nd, 2-6 (Groundball, 2R, EV 65.6 MPH) Masumitsu Sugiura to third
|
|
Batting: RHB Manuel Taveras
|
0-0: Called Strike 0-1: Fielders Choice at 2nd, 6-4 (Groundball, 6, EV 81.2 MPH)
|
| Top of the 8th over - 0 runs, 1 hit, 0 errors, 2 left on base; New Orleans 1 - Gwinnett 7 |
| BOTTOM OF THE 8TH |
|
Gwinnett Braves batting - Pitching for New Orleans Zephyrs : LHP Melvin Castro
|
|
Batting: SHB Troy Kenyon
|
0-0: Ball 1-0: Ball 2-0: Called Strike 2-1: SINGLE (Flyball, 89S, EV 96.9 MPH)
|
|
Batting: LHB Chad Persaud
|
0-0: Fly out, F9 (Flyball, 89S, EV 94.4 MPH)
|
|
Pitching: LHP Hideo Komatsu
|
|
|
Batting: RHB Mike Manchester
|
0-0: Grounds into double play, 5-4-3 (Groundball, 56, EV 105.0 MPH)
|
| Bottom of the 8th over - 0 runs, 1 hit, 0 errors, 0 left on base; New Orleans 1 - Gwinnett 7 |
| TOP OF THE 9TH |
|
New Orleans Zephyrs batting - Pitching for Gwinnett Braves : RHP Steve Dripps
|
|
Batting: RHB Isaiah Brockman
|
0-0: Ball 1-0: Ball 2-0: Called Strike 2-1: Foul Ball, location: 2F 2-2: Strikes out looking
|
|
Batting: RHB Orlando Landa
|
0-0: Called Strike 0-1: Foul Ball, location: 2F 0-2: Strikes out swinging
|
|
Batting: SHB Matt Moore
|
0-0: Called Strike 0-1: Called Strike 0-2: Foul Ball, location: 2F 0-2: Ball 1-2: SOLO HOME RUN (Flyball, 7LD, EV 99.4 MPH), Distance : 380 ft
|
|
Batting: RHB Harrie de Kam
|
0-0: Ball 1-0: SINGLE (Groundball, 6M, EV 87.5 MPH) (infield hit)
|
|
Batting: RHB Masumitsu Sugiura
|
0-0: Ball 1-0: Ball 2-0: Foul Ball, location: 2F 2-1: Foul Ball, location: 2F 2-2: Foul Ball, location: 2F 2-2: Fielders Choice at 2nd, 5-4 (Groundball, 56, EV 81.9 MPH)
|
| Top of the 9th over - 1 run, 2 hits, 0 errors, 1 left on base; New Orleans 2 - Gwinnett 7 |
|